 Dungeon Crawl Stone Soup version 0.19.5 (webtiles) character file.

775 tricornhat the Cudgeler (level 7, -6/54 HPs)
             Began as a Demonspawn Berserker on Apr 10, 2017.
             Was a Priest of Trog.
             Mangled by a hill giant
             ... wielding a +0 giant spiked club
              (15 damage)
             ... on level 5 of the Dungeon.
             The game lasted 00:22:11 (4334 turns).

tricornhat the Cudgeler (Demonspawn Berserker)      Turns: 4334, Time: 00:22:12

Health: -6/54      AC: 14    Str: 19    XL:     7   Next: 54%
Magic:  0/7        EV:  7    Int:  8    God:    Trog [***...]
Gold:   27         SH:  0    Dex: 23    Spells: 0 memorised, 6 levels left

rFire  . . .     SeeInvis .     a - +9 long sword of Daikhi Qifou {pain, Dex+6 Stlth-}
rCold  . . .     Gourm    .     w - +0 plate armour
rNeg   . . .     Faith    .     (no shield)
rPois  .         Spirit   +     (no helmet)
rElec  .         Reflect  .     (no cloak)
rCorr  .         Harm     .     (no gloves)
MR     .....                    (no boots)
Stlth  ..........               (no amulet)
                                (no ring)
                                x - +4 ring of dexterity

@: no status effects
A: claws 1, slimy green scales 2, magic shield
a: Berserk, Trog's Hand, Burn Spellbooks, Renounce Religion


You were on level 5 of the Dungeon.
You worshipped Trog.
Trog was most pleased with you.
You were not hungry.

You visited 1 branch of the dungeon, and saw 5 of its levels.

You collected 324 gold pieces.
You spent 297 gold pieces at shops.

Inventory:

Hand Weapons
 a - the +9 long sword of Daikhi Qifou (weapon) {pain, Dex+6 Stlth-}
   (You found it on level 4 of the Dungeon)

   In the hands of one skilled in necromantic magic, it inflicts extra damage on
   living creatures.
   It affects your dexterity (+6).
   It makes you less stealthy.
 b - a +0 shortbow
 o - a +0 morningstar
 v - a +0 mace
Missiles
 z - 18 arrows
Armour
 i - a +0 leather armour
 l - a +0 chain mail
 w - a +0 plate armour (worn)
 y - a +0 animal skin
Jewellery
 k - an uncursed ring of ice
 x - a +4 ring of dexterity (left claw)
Wands
 n - a wand of enslavement (8/24)
Scrolls
 d - a scroll of identify
 p - 2 scrolls of remove curse
 s - a scroll of noise {unknown}
 t - a scroll of fog {unknown}
Potions
 e - 2 potions of cancellation {unknown}
 h - a potion of magic {unknown}
 j - a potion of curing {unknown}
 m - a potion of heal wounds {unknown}
 q - a potion of invisibility {unknown}
 r - a potion of agility {unknown}
 B - a potion of brilliance {unknown}
Comestibles
 c - 2 bread rations
 f - 5 fruits
 g - a royal jelly
 u - 2 meat rations
 A - a chunk of flesh


   Skills:
 + Level 4.1 Fighting
 * Level 1.9 Long Blades
 - Level 6.1 Maces & Flails
 + Level 3.7 Armour
 + Level 2.5 Dodging
 - Level 1.1 Stealth


You had 6 spell levels left.
You didn't know any spells.

Dungeon Overview and Level Annotations

Branches:
Dungeon (5/15)             Temple (0/1) D:4

Altars:
Nemelex Xobeh
Ru
Uskayaw
Xom
Yredelemnul

Shops:
D:4 =


Innate Abilities, Weirdness & Mutations

You have sharp fingernails.
You are mostly covered in slimy green scales. (AC +3)
When hurt, damage is shared between your health and your magic reserves.


Message History

a halberd; a throwing net
Found a scroll of random uselessness.
That item cannot be evoked!
Found 2 silvery potions.
A hill giant comes into view. It is wielding a giant spiked club.
The hill giant shouts!
The hill giant barely misses you.
You riposte.
Your plate armour prevents you from hitting the hill giant.
You hit the hill giant.
The hill giant is lightly wounded.
The hill giant hits you with a giant spiked club!
You slash the hill giant!
The hill giant is moderately wounded.
You slash the hill giant!
The hill giant is moderately wounded.
The hill giant hits you with a giant spiked club!!
Ouch! That really hurt!
* * * LOW HITPOINT WARNING * * *
The hill giant hits you with a giant spiked club!
You die...

#. #. ##. #.. ###
#.###### #
..###.....# #.
#########.#.####..
.. #...........#
###
#.#@###########
#.C.# #.### .!.
###


You could see a hill giant.

Vanquished Creatures
  Edmund (D:4)
  2 ogres (D:4)
  A centaur (D:5)
  A big kobold (D:4)
  2 hounds
  Ijyb (D:2)
  Terence (D:2)
  An orc wizard (D:4)
  2 worker ants
  4 adders
  4 gnolls (D:5)
  2 worms (D:3)
  A dart slug (D:3)
  6 leopard geckos
  4 orcs
  A giant cockroach (D:3)
  8 goblins
  9 hobgoblins
  7 jackals (D:2)
  8 kobolds
  3 quokkas
  A ball python (D:1)
  4 bats
  8 frilled lizards
  4 rats
86 creatures vanquished.

Notes
Turn   | Place    | Note
-------+----------+-------------------------------------------
     0 | D:1      | tricornhat the Demonspawn Berserker began the quest for the Orb.
     0 | D:1      | Reached XP level 1. HP: 18/18 MP: 1/1
   125 | D:1      | Reached skill level 3 in Maces & Flails
   268 | D:1      | Gained mutation: You are partially covered in slimy green scales. (AC +2) [demonic ancestry]
   268 | D:1      | Reached XP level 2. HP: 16/24 MP: 2/2
   378 | D:1      | Found a sparkling altar of Nemelex Xobeh.
   961 | D:1      | Reached ** piety under Trog
  1323 | D:1      | Reached XP level 3. HP: 27/29 MP: 3/3
  1506 | D:2      | Found a hide-covered altar of Uskayaw.
  1588 | D:2      | Noticed Ijyb
  1603 | D:2      | Killed Ijyb
  1603 | D:2      | Reached skill level 1 in Stealth
  1745 | D:2      | Noticed Terence
  1751 | D:2      | Killed Terence
  1751 | D:2      | Gained mutation: When hurt, damage is shared between your health and your magic reserves. [demonic ancestry]
  1751 | D:2      | Reached XP level 4. HP: 35/35 MP: 4/4
  2111 | D:3      | Reached skill level 4 in Maces & Flails
  2510 | D:3      | Reached XP level 5. HP: 39/41 MP: 5/5
  3063 | D:4      | Gained mutation: You are mostly covered in slimy green scales. (AC +3) [demonic ancestry]
  3063 | D:4      | Reached XP level 6. HP: 23/47 MP: 1/6
  3308 | D:4      | Found a staircase to the Ecumenical Temple.
  3363 | D:4      | Reached skill level 5 in Maces & Flails
  3442 | D:4      | Found a shimmering altar of Xom.
  3447 | D:4      | Noticed Edmund
  3480 | D:4      | Killed Edmund
  3604 | D:4      | Reached skill level 6 in Maces & Flails
  3604 | D:4      | Gained mutation: You have sharp fingernails. [demonic ancestry]
  3604 | D:4      | Reached XP level 7. HP: 26/53 MP: 3/7
  3811 | D:4      | Found a basalt altar of Yredelemnul.
  3812 | D:4      | Found a sacrificial altar of Ru.
  3872 | D:4      | Got a smoking long sword
  3873 | D:4      | Identified the +9 long sword of Daikhi Qifou {pain, Dex+6 Stlth-} (You found it on level 4 of the Dungeon)
  3928 | D:4      | Reached *** piety under Trog
  3978 | D:4      | Found Boilufie's Jewellery Shop.
  3992 | D:4      | Bought a +4 ring of dexterity for 297 gold pieces
  4094 | D:5      | Entered Level 5 of the Dungeon
  4101 | D:5      | Reached skill level 1 in Long Blades
  4328 | D:5      | Noticed a hill giant
  4334 | D:5      | Mangled by a hill giant

Skill      XL: |  1  2  3  4  5  6  7 |
---------------+----------------------+-----
Maces & Flails | 3 4 6 |  6.1
Armour         | 2 3 |  3.7
Dodging        | 2 |  2.5
Stealth        | 1 |  1.1
Fighting       | 4 |  4.1
Long Blades    | 1 |  1.9

Action                   |  1- 3 |  4- 6 |  7- 9 || total
-------------------------+-------+-------+-------++-------
Melee: Mace              |   123 |   145 |    35 ||   303
       Long sword        |       |       |    37 ||    37
Invok: Berserk           |     2 |     2 |       ||     4
  Use: Scroll            |       |     5 |     1 ||     6
  Eat: Chunk             |     3 |     9 |     3 ||    15
Armor: Animal skin       |    26 |       |       ||    26
       Leather armour    |    11 |       |       ||    11
       Chain mail        |       |    75 |    32 ||   107
       Plate armour      |       |       |    12 ||    12
Dodge: Dodged            |    80 |    71 |    14 ||   165
       Rpst.: Long sword |       |       |     2 ||     2
